 Dungeon Crawl Stone Soup version 0.28.0-47-ge53b351184 (webtiles) character file.

Game seed: 6985936140448653252

392 Allula97 the Insei (level 6, 0/44 HPs)
             Began as a Demonspawn Transmuter on May 4, 2022.
             Slain by a gnoll
             ... wielding a +0 club
              (4 damage)
             ... on level 5 of the Dungeon.
             The game lasted 00:07:01 (3133 turns).

Allula97 the Insei (Demonspawn Transmuter)          Turns: 3133, Time: 00:07:02

Health: 0/44       AC:  4    Str: 10    XL:     6   Next: 50%
Magic:  10/10      EV: 12    Int: 15    God:
Gold:   98         SH:  0    Dex: 15    Spells: 7/10 levels left

rFire   . . .      SeeInvis .     - Unarmed
rCold   . . .      Faith    .   (no shield)
rNeg    . . .      Spirit   .   c - +0 leather armour
rPois   .          Reflect  .   (no helmet)
rElec   .          Harm     .   (no cloak)
rCorr   .          Rampage  .   (no gloves)
Will    .....                   (no boots)
Stlth   +.........              (no amulet)
HPRegen 0.14/turn               (no ring)
MPRegen 0.12/turn               (no ring)

@: no status effects
A: foul stench 1, sharp scales 1
a: no special abilities


You were on level 5 of the Dungeon.
You visited 1 branch of the dungeon, and saw 4 of its levels.
You also visited: Sewer.

You collected 98 gold pieces.

Inventory:

Armour
 c - a +0 leather armour (worn)
Jewellery
 e - an amulet of faith
Scrolls
 d - a scroll of immolation
Potions
 a - a potion of cancellation {unknown}
 b - 2 potions of curing
 g - a potion of mutation {unknown}
 h - a potion of berserk rage {unknown}
 i - a potion of ambrosia {unknown}
 k - a potion of haste {unknown}


   Skills:
 * Level 2.2 Fighting
 * Level 2.3 Armour
 * Level 2.5 Dodging
 * Level 4.6 Unarmed Combat
 * Level 2.9 Spellcasting
 * Level 2.6 Transmutations


You had 7 spell levels left.
You knew the following spells:

 Your Spells              Type           Power      Damage    Failure   Level
a - Beastly Appendage     Tmut           20%        N/A       9%          1
b - Wereblood             Tmut           10%        N/A       14%         2

Your spell library contained the following spells:

 Spells                   Type           Power      Damage    Failure   Level
 Slow                     Hex            8%         N/A       26%         1
 Spider Form              Tmut/Pois      6%         N/A       43%         3
 Confusing Touch          Hex            2%         N/A       63%         3
 Vampiric Draining        Necr           2%         2d6       63%         3
 Ice Form                 Ice/Tmut       6%         N/A       83%         4


Dungeon Overview and Level Annotations

Branches:
Dungeon (3/15)              Sewer (visited)

Altars:
Vehumet


Innate Abilities, Weirdness & Mutations

You may rarely emit foul miasma when damaged in melee.
You are partially covered in razor-sharp scales. (AC +1, Slay +1)


Message History

A gnoll comes into view. It is wielding a +0 spear.
Your life force feels restored.
You hit the gnoll but do no damage. Your kick misses the gnoll.
The gnoll hits you with a +0 club. The gnoll barely misses you.
Your magical contamination has completely faded away.
You hit the gnoll but do no damage. You claw the gnoll.
The gnoll is lightly wounded.
The gnoll closely misses you.
The gnoll hits you from afar with a +0 spear.
You hit the gnoll. Your punch misses the gnoll.
The gnoll is lightly wounded.
Your transformation is almost over.
The gnoll misses you. The gnoll hits you with a +0 club.
You emit a cloud of foul miasma!
A gnoll comes into view. It is wielding a +0 whip.
The gnoll shaman hits you with a +0 whip!
* * * LOW HITPOINT WARNING * * *
The gnoll is engulfed in dark miasma.
The gnoll is poisoned.
The gnoll shaman calls upon its god to heal the gnoll.
The gnoll is healed somewhat.
It was a potion of curing.
You feel better.
The gnoll shaman calls upon its god to heal the gnoll.
The gnoll is healed somewhat.
The gnoll hits you from afar with a +0 spear.
* * * LOW HITPOINT WARNING * * *
The gnoll shaman calls upon its god to heal the gnoll.
The gnoll's wounds heal themselves!
The gnoll looks more healthy.
The gnoll barely misses you. The gnoll hits you with a +0 club.
* * * LOW HITPOINT WARNING * * *
Okay, then.
Your horns disappear.
Your talons disappear.
The gnoll barely misses you.
As you read the scroll labelled JEL OLUSOT, it crumbles to dust.
It is a scroll of identify.
d - a scroll of immolation The gnoll hits you from afar with a +0 spear!
* * * LOW HITPOINT WARNING * * *
The gnoll hits you with a +0 club.
You die...

#..#.#...#.#..#...##
#..#.'...'.#..#..##
+..'###+###').'...## .
#..#.......#..#....# ##.
#..#.......#..#...##
....###'###+###+###....##.
..........................
......................##..
#.###....@gg..........# ##
#......ggg........###
#.......#....##.....#
##...........##.......
#...#..#..#.##g....).
#....#..#..###........
##...#..#......g......
#....................
##... ...............


You could see a gnoll shaman and 4 gnolls.

Vanquished Creatures
  Pargi (Sewer)
  A necrophage (D:5)
  A centaur zombie (D:5)
  Natasha (thrice) (D:2)
  An orc wizard (D:3)
  3 adders
  2 dart slugs (D:1)
  3 orcs (D:3)
  2 ball pythons
  7 endoplasms
  3 giant cockroaches
  6 goblins
  2 hobgoblins
  4 jackals (D:1)
  2 quokkas (D:1)
  3 bats
  A frilled lizard (Sewer)
  2 kobolds
  4 rats
51 creatures vanquished.

Notes
Turn   | Place    | Note
-------+----------+-------------------------------------------
     0 | D:1      | Allula97 the Demonspawn Transmuter began the quest for the
                  | Orb.
     0 | D:1      | Reached XP level 1. HP: 15/15 MP: 3/3
   159 | D:1      | Gained mutation: You are partially covered in razor-sharp
                  | scales. (AC +1, Slay +1) [demonic ancestry]
   159 | D:1      | Reached XP level 2. HP: 15/21 MP: 3/5
   257 | D:1      | Reached skill level 3 in Unarmed Combat
   562 | D:1      | Learned a level 2 spell: Wereblood
   957 | D:2      | Found a faded altar of an unknown god.
   971 | D:2      | Gained mutation: You may rarely emit foul miasma when
                  | damaged in melee. [demonic ancestry]
   971 | D:2      | Reached XP level 3. HP: 23/26 MP: 4/6
  1207 | D:2      | Noticed Natasha
  1213 | D:2      | Killed Natasha
  1397 | D:2      | Noticed Natasha
  1410 | D:2      | Killed Natasha
  1411 | D:2      | Reached XP level 4. HP: 24/32 MP: 5/7
  1682 | D:2      | Noticed Natasha
  1688 | D:2      | Killed Natasha
  2294 | D:3      | Reached skill level 1 in Armour
  2294 | D:3      | Reached skill level 4 in Unarmed Combat
  2294 | D:3      | Reached XP level 5. HP: 31/37 MP: 8/8
  2328 | D:3      | Found a glowing drain.
  2664 | Sewer    | Entered a sewer
  2670 | Sewer    | Noticed Pargi
  2679 | Sewer    | Killed Pargi
  2853 | Sewer    | Reached XP level 6. HP: 40/44 MP: 10/10
  3040 | D:3      | You fall into a shaft and drop 2 floors!
  3040 | D:5      | Entered Level 5 of the Dungeon
  3067 | D:5      | Found a radiant altar of Vehumet.
  3133 | D:5      | Slain by a gnoll

Illustrated notes

Levels and vault maps discovered:
D:1:      moated_graveyard_arrival, layout_basic, serial_glass, glass_columns_b,
          glass_columns_a, glass_columns_a, glass_columns_a
D:2:      layout_loops_ring, hellmonk_ecumenical_altar_arch_garden,
          serial_rivers, chequers_serial_rivers_micro_e,
          chequers_serial_rivers_small_a, chequers_serial_rivers_micro_a,
          chequers_serial_rivers_micro_a, uniq_natasha
D:3:      layout_basic, gup_sewer_entry_glass, minmay_vboxes
D:5:      layout_cave_pools, mainiacjoe_overflow_24_doors,
          mainiacjoe_overflow_catch_the_wave

Skill      XL: |  1  2  3  4  5  6 |
---------------+-------------------+-----
Unarmed Combat | 3 4 |  4.6
Transmutations | 2 |  2.6
Dodging        | 2 |  2.5
Armour         | 1 2 |  2.3
Fighting       | 2 |  2.2
Spellcasting   | |  2.9

Action                   |  1- 3 |  4- 6 || total
-------------------------+-------+-------++-------
Melee: Unarmed           |    86 |    85 ||   171
       Kick              |    13 |    14 ||    27
       Headbutt          |     6 |     8 ||    14
       Punch             |     2 |     8 ||    10
 Cast: Beastly Appendage |     9 |     9 ||    18
  Use: Scroll            |       |     4 ||     4
       Potion            |       |     1 ||     1
 Stab: Sleeping          |       |     1 ||     1
Armor: Robe              |    15 |       ||    15
       Leather armour    |     2 |    14 ||    16
Dodge: Dodged            |    40 |    58 ||    98
